 Dungeon Crawl Stone Soup version 0.21.0 (webtiles) character file.

191 oplop the Chiller (level 5, -2/31 HPs)
             Began as an Octopode Ice Elementalist on Jan 6, 2018.
             Slain by a sky beast (6 damage)
             ... on level 5 of the Dungeon.
             The game lasted 00:08:31 (3305 turns).

oplop the Chiller (Octopode Ice Elementalist)       Turns: 3305, Time: 00:08:32

Health: -2/31      AC:  8    Str:  7    XL:     5   Next: 70%
Magic:  1/10       EV: 15    Int: 19    God:
Gold:   348        SH:  3    Dex: 12    Spells: 1/11 levels left

rFire    . . .     SeeInvis .   (no weapon)
rCold    . . .     Gourm    .   (no shield)
rNeg     + . .     Faith    .   w - +2 hat
rPois    .         Spirit   .   s - +3 amulet of reflection
rElec    .         Reflect  +   o - +2 ring of evasion
rCorr    .         Harm     .   v - ring of positive energy
MR       .....                  (no ring)
Stlth    +++.......             (no ring)
HPRegen  0.10/turn              (no ring)
MPRegen  0.12/turn              (no ring)
                                (no ring)
                                (no ring)

@: icy armour, very slightly contaminated, slow
A: almost no armour, stealthy swim, amphibious, 8 rings, constrict 8, camouflage
1, gelatinous body 1
a: no special abilities


You were on level 5 of the Dungeon.
You were not hungry.

You visited 1 branch of the dungeon, and saw 5 of its levels.

You collected 348 gold pieces.

Inventory:

Armour
 q - a +1 buckler
 w - a +2 hat (worn)
Jewellery
 l - an uncursed ring of fire
 o - a +2 ring of evasion (left tentacle)
 s - a +3 amulet of reflection (around mantle)
 v - a ring of positive energy (right tentacle)
Scrolls
 c - a scroll of magic mapping {unknown}
 d - 2 scrolls of fear
 f - a scroll of enchant armour
 m - a scroll of remove curse {unknown}
 n - 2 scrolls of identify {unknown}
 p - 4 scrolls of amnesia {unknown}
 r - a scroll of random uselessness {unknown}
 t - 2 scrolls of teleportation
 u - 2 scrolls of immolation {unknown}
Potions
 e - a potion of haste {unknown}
 g - a potion of might {unknown}
 h - a potion of lignification {unknown}
 i - a potion of berserk rage {unknown}
 j - a potion of agility {unknown}
 k - a potion of magic {unknown}
Books
 a - a book of Frost

   Spells                             Type                      Level
   a - Freeze                         Ice                          1
   b - Throw Frost                    Conjuration/Ice              2
   c - Ozocubu's Armour               Charms/Ice                   3
   d - Throw Icicle                   Conjuration/Ice              4
   e - Summon Ice Beast               Ice/Summoning                4
Comestibles
 b - 3 rations


   Skills:
 + Level 2.1 Dodging
 - Level 2.6 Stealth
 + Level 3.7 Spellcasting
 - Level 1.0 Conjurations
 * Level 1.0 Summonings
 * Level 4.7 Ice Magic


You had one spell level left.
You knew the following spells:

 Your Spells              Type           Power        Failure   Level  Hunger
a - Freeze                Ice            ###.         1%          1    None
b - Ozocubu's Armour      Chrm/Ice       ##......     16%         3    ###....
c - Throw Frost           Conj/Ice       ##....       6%          2    ##.....
d - Summon Ice Beast      Ice/Summ       ##......     38%         4    ####...


Dungeon Overview and Level Annotations

Branches:
Dungeon (5/15)
 Temple: D:4-7

Altars:
Kikubaaqudgha
Nemelex Xobeh
Trog
Wu Jian
Xom

Annotations:
D:3 exclusion: ice beast, Terence


Innate Abilities, Weirdness & Mutations

You cannot wear most types of armour.
You are very stealthy in the water. (Stealth+)
You are amphibious.
You can wear up to eight rings at the same time.
You can use your tentacles to constrict eight enemies at once.
Your skin changes colour to match your surroundings (Stealth+).
Your rubbery body absorbs attacks. (AC +1, EV +1)


Message History

You can't see any susceptible monsters within range! (Use Z to cast anyway.)
Casting: Freeze
Confirm with . or Enter, or press ? or * to list all spells.
Aiming: Freeze
Press: ? - help, Shift-Dir - straight line You freeze something.
Something hits you but does no damage.
Casting: Freeze
Confirm with . or Enter, or press ? or * to list all spells.
Aiming: Freeze
Press: ? - help, Shift-Dir - straight line You freeze something.
Something hits you. Something shocks you.
* * * LOW HITPOINT WARNING * * *
Casting: Freeze
Confirm with . or Enter, or press ? or * to list all spells.
Aiming: Freeze
Press: ? - help, Shift-Dir - straight line You freeze something.
Something hits you.
* * * LOW HITPOINT WARNING * * *
Something shocks you.
You die...

#######
#.....#
#.###.#
#§# #.#
#.###.###
#.{@#.†.#
########.#
..%......#
##########


There were no monsters in sight!

Vanquished Creatures
  A bullfrog skeleton (D:4)
  An orc priest (D:3)
  7 adders
  3 leopard geckos
  2 orcs (D:3)
  2 ball pythons
  2 giant cockroaches (D:2)
  11 goblins
  7 hobgoblins
  A jackal (D:3)
  4 kobolds
  4 bats
  5 frilled lizards
  4 rats
54 creatures vanquished.

Vanquished Creatures (collateral kills)
  A worker ant (D:4)
1 creature vanquished.

Grand Total: 55 creatures vanquished

Notes
Turn   | Place    | Note
-------+----------+-------------------------------------------
     0 | D:1      | oplop the Octopode Ice Elementalist began the quest for the Orb.
     0 | D:1      | Reached XP level 1. HP: 11/11 MP: 3/3
   368 | D:1      | Reached XP level 2. HP: 17/17 MP: 5/5
   864 | D:2      | You fall through a shaft!
   897 | D:2      | Reached XP level 3. HP: 7/21 MP: 2/6
  1005 | D:2      | Learned a level 3 spell: Ozocubu's Armour
  1420 | D:2      | Reached skill level 4 in Ice Magic
  1420 | D:2      | Reached XP level 4. HP: 19/27 MP: 5/8
  1493 | D:2      | Learned a level 2 spell: Throw Frost
  1507 | D:2      | Found an ornate altar of the Wu Jian Council.
  1507 | D:2      | Found a shimmering altar of Xom.
  1586 | D:2      | Found a bloodstained altar of Trog.
  1976 | D:3      | Found an ancient bone altar of Kikubaaqudgha.
  2304 | D:3      | Reached XP level 5. HP: 31/31 MP: 8/10
  2328 | D:3      | Noticed Terence
  2490 | D:3      | Noticed an ice beast
  2500 | D:3      | Noticed an ogre
  2530 | D:3      | Learned a level 4 spell: Summon Ice Beast
  2585 | D:4      | Noticed a phantom
  2940 | D:4      | Found a sparkling altar of Nemelex Xobeh.
  3268 | D:5      | Entered Level 5 of the Dungeon
  3281 | D:5      | Reached skill level 1 in Summonings
  3283 | D:5      | Noticed a sky beast
  3305 | D:5      | Slain by a sky beast

Skill      XL: |  1  2  3  4  5 |
---------------+----------------+-----
Spellcasting   | 3 |  3.7
Ice Magic      | 4 |  4.7
Summonings     | 1 |  1.0
Dodging        | |  2.1
Stealth        | |  2.6
Conjurations   | |  1.0

Action                   |  1- 3 |  4- 6 || total
-------------------------+-------+-------++-------
Melee: Unarmed           |    43 |    70 ||   113
       Constrict         |    17 |    17 ||    34
       Tentacles         |     8 |     7 ||    15
 Cast: Freeze            |    26 |    23 ||    49
       Ozocubu's Armour  |     2 |     9 ||    11
       Throw Frost       |       |     5 ||     5
       Summon Ice Beast  |       |     2 ||     2
  Use: Scroll            |       |     4 ||     4
 Stab: Sleeping          |     5 |     3 ||     8
       Distracted        |     1 |       ||     1
  Eat: Chunk             |     2 |     1 ||     3
       Ration            |       |     2 ||     2
Armor: Skin              |    11 |    16 ||    27
Dodge: Dodged            |    39 |    52 ||    91
Block: Other             |       |     8 ||     8
